[Event "January 2 Early 2024"]
[Site "https://www.chess.com"]
[Date "2024.01.02"]
[Round "9"]
[White "Jaiveer Mahendru"]
[Black "Ankerst, Mihael"]
[Result "1/2-1/2"]
[Board "103"]
[TimeControl "180+1"]
[WhiteFideId "25611151"]
[BlackFideId "14602369"]
[WhiteElo "2524"]
[BlackElo "2344"]
[WhiteTeam "IND"]
[BlackTeam "SLO"]
[WhiteClock "0:00:10"]
[BlackClock "0:00:03"]

1. f4 c5 2. Nf3 d5 3. g3 Nf6 4. Bg2 e6 5. O-O Be7 6. d3 O-O 7. Qe1 Nc6 8. e4 b5 9. e5 Nd7 10. g4 b4 11. h4 Qc7 12. h5 a5 13. g5 Ba6 14. g6 fxg6 15. hxg6 h6 16. Bh3 Nd8 17. Nbd2 c4 18. dxc4 Bxc4 19. Nxc4 Qxc4 20. Be3 Qxc2 21. Qg3 Rc8 22. Nd4 Qe4 23. Rad1 Bh4 24. Qxh4 Qxe3+ 25. Kh1 Nc5 26. f5 Qxe5 27. fxe6 Rxf1+ 28. Rxf1 Ncxe6 29. Qe7 Qe4+ 30. Bg2 Qxg6 31. Nf5 Rc2 32. Ne3 Re2 33. Rf3 Kh7 34. Bh3 Ng5 35. Bf5 Re1+ 36. Rf1 Qxf5 37. Nxf5 Rxf1+ 38. Kg2 Rxf5 39. Qxd8 Ne4 40. Qc8 Rf2+ 41. Kg1 Rxb2 42. Qe6 Rd2 43. Qf5+ Kg8 44. Qc8+ Kf7 45. Qf5+ Nf6 46. Qf4 Rxa2 47. Qd4 Ra3 48. Qa7+ Kg6 49. Kf2 h5 50. Qb8 h4 51. Kg2 Kg5 52. Qe5+ Kg6 53. Qe6 a4 54. Qe1 Ra2+ 55. Kh3 Rb2 56. Qxh4 a3 57. Qg3+ Kf7 58. Qc7+ Kg6 59. Qg3+ Kf5 60. Qf3+ Ke5 61. Qe3+ Ne4 62. Qb6 a2 63. Qb8+ Kd4 64. Qa7+ Nc5 65. Kg4 b3 66. Qxg7+ Kc4 67. Qxb2 Nd3 68. Qa1 Kb4 69. Qd4+ Ka3 70. Qa7+ Kb2 71. Qd4+ Kb1 72. Qxd3+ Kb2 73. Qd4+ Kb1 74. Qd1+ Kb2 75. Qd2+ Kb1 76. Qd3+ Kb2 77. Qd4+ Kb1 78. Qxd5 a1=Q 79. Qxb3+ Qb2 80. Qd3+ Ka2 81. Qa6+ Kb1 82. Kf5 Qc2+ 83. Ke5 Qb2+ 84. Kd5 Qb3+ 85. Kc6 Qe6+ 86. Kb5 Qe2+ 87. Kb6 Qe6+ 88. Ka7 Qd7+ 89. Ka8 Qd8+ 90. Kb7 Qd7+ 91. Kb6 Qd6+ 92. Ka5 Qc5+ 93. Qb5+ Qxb5+ 94. Kxb5 1/2-1/2

[Event "January 2 Early 2024"]
[Site "https://www.chess.com"]
[Date "2024.01.02"]
[Round "9"]
[White "Shapiro, Viktor"]
[Black "Gao, Raymond"]
[Result "1/2-1/2"]
[Board "104"]
[TimeControl "180+1"]
[WhiteFideId "4175700"]
[BlackFideId "2629429"]
[WhiteElo "2522"]
[BlackElo "2364"]
[WhiteTeam "RUS"]
[BlackTeam "CAN"]
[WhiteClock "0:00:53"]
[BlackClock "0:00:11"]

1. c4 e5 2. Nc3 Bb4 3. g3 Bxc3 4. bxc3 f5 5. Bg2 Nf6 6. d3 O-O 7. f4 d6 8. Rb1 Nc6 9. Nf3 e4 10. Nd4 Qe7 11. O-O Re8 12. Nxc6 bxc6 13. Qa4 Bd7 14. Qa5 Bc8 15. Bh3 g6 16. Bg2 h5 17. h3 h4 18. gxh4 Kg7 19. Kh2 Rh8 20. dxe4 fxe4 21. Be3 Ng4+ 22. hxg4 Qxh4+ 23. Kg1 Qh2+ 24. Kf2 Qh4+ 25. Kg1 Qh2+ 26. Kf2 Qh4+ 27. Kg1 1/2-1/2

[Event "January 2 Early 2024"]
[Site "https://www.chess.com"]
[Date "2024.01.02"]
[Round "9"]
[White "Jahnz, Fabian"]
[Black "Rietze, Clemens, Dr."]
[Result "0-1"]
[Board "105"]
[TimeControl "180+1"]
[WhiteFideId "4653300"]
[BlackFideId "24620351"]
[WhiteElo "2322"]
[BlackElo "2518"]
[WhiteTeam "GER"]
[BlackTeam "GER"]
[WhiteClock "0:00:01"]
[BlackClock "0:00:07"]

1. e4 c6 2. Nf3 d5 3. Nc3 Bg4 4. h3 Bxf3 5. Qxf3 e6 6. d3 Nd7 7. Bd2 Ngf6 8. O-O-O Bb4 9. g4 d4 10. Nb1 Qa5 11. a3 Bxd2+ 12. Nxd2 Qg5 13. Kb1 h5 14. gxh5 Qxh5 15. Be2 Qxf3 16. Bxf3 Ne5 17. Bg2 Nh5 18. Rdf1 Nf4 19. Bf3 g5 20. Bg4 Ke7 21. Nb3 Rad8 22. Kc1 b6 23. Kd2 c5 24. Nc1 Rdf8 25. Bd1 f5 26. exf5 exf5 27. Ne2 Nxh3 28. Ng3 Kf6 29. Nh5+ Rxh5 30. Bxh5 Nf4 31. Be2 Kg6 32. Rh2 g4 33. Rfh1 Nh3 34. f3 Kg5 35. fxg4 fxg4 36. Rg2 Nf4 37. Rg3 Nh5 38. Rg2 Rf6 39. Rhg1 Nf4 40. Rg3 Nh5 41. R3g2 Rf4 42. c3 Nf6 43. Rh2 Nh5 44. Rhg2 Nf6 45. Rh2 dxc3+ 46. bxc3 b5 47. Rf1 Rxf1 48. Rh8 Rf2 49. Ra8 Kf4 50. Rf8 Nf3+ 51. Kd1 Kg5 52. c4 bxc4 53. dxc4 Kf5 54. Ra8 Rg2 55. Rxa7 Rg1+ 56. Kc2 Ne4 57. Rf7+ Ke5 58. Bxf3 gxf3 59. Rxf3 Rg2+ 60. Kc1 Kd4 61. Rf4 Rg3 62. a4 Ra3 63. Kb2 Rxa4 64. Kb3 Rb4+ 65. Ka2 Rxc4 66. Kb3 Rc3+ 67. Kb2 Rd3 68. Kc2 c4 69. Rf8 Rc3+ 70. Kb2 Re3 71. Rd8+ Kc5 72. Rc8+ Kd5 73. Rd8+ Nd6 74. Kc2 Re2+ 75. Kc3 Re3+ 76. Kc2 Ra3 77. Rh8 Ra6 78. Kc3 Ne4+ 79. Kc2 Re6 80. Rd8+ Nd6 81. Rh8 Kc5 82. Rh5+ Kb4 83. Rh8 Re2+ 84. Kd1 Rg2 85. Rd8 Ne4 86. Rd4 Nc5 87. Rd8 Kc3 88. Rd5 Rg1+ 89. Ke2 Nb3 90. Rd8 Kb2 91. Rc8 c3 92. Kd3 Rg3+ 93. Ke2 c2 0-1

[Event "January 2 Early 2024"]
[Site "https://www.chess.com"]
[Date "2024.01.02"]
[Round "9"]
[White "Goncalves, Davi Sulzbacher"]
[Black "Kornyukov, Alexey"]
[Result "1-0"]
[Board "106"]
[TimeControl "180+1"]
[WhiteFideId "2154510"]
[BlackFideId "4150457"]
[WhiteElo "2515"]
[BlackElo "2322"]
[WhiteTeam "BRA"]
[BlackTeam "RUS"]
[WhiteClock "0:00:55"]
[BlackClock "0:00:47"]

1. e4 c5 2. Nc3 e6 3. Nf3 d5 4. exd5 exd5 5. d4 cxd4 6. Nxd4 Nf6 7. Bb5+ Bd7 8. Qe2+ Qe7 9. Bg5 Qxe2+ 10. Kxe2 Nc6 11. Bxf6 gxf6 12. Rad1 Bc5 13. Nb3 Bb4 14. Nxd5 Bd6 15. Nxf6+ Ke7 16. Nxd7 Kxd7 17. Kf3 Kc7 18. Bxc6 bxc6 19. Rd3 a5 20. Rhd1 Rhd8 21. a4 Ra6 22. Nd2 Rb6 23. Nc4 1-0

[Event "January 2 Early 2024"]
[Site "https://www.chess.com"]
[Date "2024.01.02"]
[Round "9"]
[White "Yashmetov, Mikhail"]
[Black "Piddubna, Bozhena"]
[Result "1-0"]
[Board "107"]
[TimeControl "180+1"]
[WhiteFideId "24198900"]
[BlackFideId "34109293"]
[WhiteElo "2510"]
[BlackElo "2259"]
[WhiteTeam "RUS"]
[BlackTeam "UKR"]
[WhiteClock "0:01:19"]
[BlackClock "0:00:19"]

1. d4 Nf6 2. g3 e6 3. Bg2 c5 4. Nf3 d5 5. O-O Nc6 6. c4 Be7 7. Nc3 O-O 8. cxd5 exd5 9. b3 Bg4 10. dxc5 Bxc5 11. Na4 Bxf3 12. Bxf3 Bd4 13. Rb1 b5 14. Nb2 Ne4 15. Bd2 Ne5 16. Nd3 Nxf3+ 17. exf3 Nc3 18. Bxc3 Bxc3 19. Rc1 b4 20. Nc5 d4 21. Qd3 Qf6 22. Nd7 Qg5 23. Nxf8 Rxf8 24. Rc2 h6 25. Kg2 Re8 26. Re2 Rxe2 27. Qxe2 Qf5 28. Rd1 g6 29. Qe4 Qb5 30. Qd3 Qa5 31. Qe2 Kg7 32. Rc1 Qf5 33. Rd1 Qa5 34. h4 h5 35. Rd3 Qf5 36. Kg1 Qa5 37. f4 Qf5 38. Kg2 Qd5+ 39. Qf3 Qa5 40. f5 Qxf5 41. Qxf5 gxf5 42. Kf3 Kf6 43. Kf4 Ke6 44. Kg5 Ke5 45. f3 a5 46. Kxh5 Be1 47. Kh6 Bxg3 48. h5 Bf2 49. Kg7 Bh4 50. h6 Bf6+ 51. Kxf7 Bh8 52. h7 Kf4 53. Kg8 Be5 54. h8=Q Bxh8 55. Kxh8 Ke5 56. Kg7 Kd5 57. Kf6 f4 58. Kf5 Kc5 59. Kxf4 Kd5 60. Kf5 a4 61. bxa4 Kc4 62. Ke4 b3 63. axb3+ Kb4 64. f4 Kc5 65. f5 Kb4 66. f6 Kc5 67. f7 Kb4 68. f8=Q+ Ka5 69. Qc5+ Ka6 70. Rxd4 Kb7 71. b4 Kb8 72. a5 Kb7 73. Rd1 Ka6 74. Kd4 Kb7 75. Kc4 Ka8 76. Rg1 Kb8 77. Rg6 Kb7 78. Kb5 Ka8 79. Ka4 Kb8 80. b5 Kb7 81. b6 Ka8 82. a6 Kb8 83. Rc6 Ka8 84. Kb4 Kb8 85. a7+ Ka8 86. Rc8+ Kb7 87. Qc6+ Ka6 88. Kc5 Ka5 89. Rh8 Ka6 90. Rh7 Ka5 91. a8=Q# 1-0

[Event "January 2 Early 2024"]
[Site "https://www.chess.com"]
[Date "2024.01.02"]
[Round "9"]
[White "Devaev, Alexander"]
[Black "RaneshRatnesan"]
[Result "1-0"]
[Board "108"]
[TimeControl "180+1"]
[WhiteFideId "4169395"]
[WhiteElo "2507"]
[BlackElo "2274"]
[WhiteTeam "RUS"]
[WhiteClock "0:00:25"]
[BlackClock "0:00:00"]

1. d4 d5 2. Nf3 Nf6 3. Bf4 c5 4. e3 Nc6 5. c3 Bg4 6. Qb3 Qb6 7. Ne5 Qxb3 8. axb3 Nxe5 9. Bxe5 cxd4 10. exd4 a6 11. b4 Nd7 12. Bg3 e6 13. b5 a5 14. Nd2 Be7 15. Bd3 O-O 16. O-O Rfc8 17. Ra4 Nb6 18. Ra2 a4 19. Rfa1 Bh5 20. Kf1 Bg5 21. f4 Be7 22. f5 Bg5 23. Ke1 exf5 24. Nf3 Re8+ 25. Kf1 Bxf3 26. gxf3 Re3 27. Be2 Rae8 28. Bd1 f4 29. Bf2 Rd3 30. Bxa4 Rxf3 31. Kg2 Rd3 32. Re1 Rxe1 33. Bxe1 h5 34. h4 Bf6 35. Bc2 Re3 36. Kf1 g6 37. Ra7 Re7 38. Bd1 Nc4 39. Bf3 Ne3+ 40. Kg1 Kg7 41. Bf2 Rd7 42. b3 Nf5 43. c4 dxc4 44. bxc4 Bxd4 45. Rxb7 Bxf2+ 46. Kxf2 Rxb7 47. Bxb7 Kf6 48. c5 Ke7 49. b6 Kd7 50. Bd5 Nd4 51. Bxf7 1-0

[Event "January 2 Early 2024"]
[Site "https://www.chess.com"]
[Date "2024.01.02"]
[Round "9"]
[White "Ghosh, Chanchal Kumer"]
[Black "Garcia Almaguer, Juan Manuel"]
[Result "1-0"]
[Board "109"]
[TimeControl "180+1"]
[WhiteFideId "10201858"]
[BlackFideId "5110491"]
[WhiteElo "2081"]
[BlackElo "2506"]
[WhiteTeam "BAN"]
[BlackTeam "MEX"]
[WhiteClock "0:00:20"]
[BlackClock "0:00:10"]

1. e4 e5 2. Nf3 Nc6 3. Bc4 Nf6 4. O-O h6 5. c3 d6 6. d3 g5 7. Re1 Bg7 8. Nbd2 g4 9. Nh4 Nxe4 10. dxe4 Qxh4 11. Nf1 Be6 12. Qb3 Bxc4 13. Qxc4 O-O-O 14. b4 Rd7 15. Ne3 h5 16. a4 Bh6 17. Nf5 Qf6 18. Bxh6 Rxh6 19. Nxh6 Qxh6 20. a5 Nd8 21. a6 b6 22. b5 Qe6 23. Qd3 d5 24. exd5 Rxd5 25. Qh7 Qg6 26. Qh8 f6 27. Rad1 Rd6 28. Rxd6 cxd6 29. Qf8 Kd7 30. Rd1 f5 31. c4 f4 32. c5 bxc5 33. b6 Nc6 34. bxa7 Nxa7 35. Qa8 Nc8 36. Qb7+ Kd8 37. a7 Qc2 38. Qxc8+ Ke7 39. Qb7+ Ke6 40. Rf1 1-0

[Event "January 2 Early 2024"]
[Site "https://www.chess.com"]
[Date "2024.01.02"]
[Round "9"]
[White "Biriukov, Ilja"]
[Black "Rozman, Levy"]
[Result "0-1"]
[Board "110"]
[TimeControl "180+1"]
[WhiteFideId "4113373"]
[BlackFideId "2039877"]
[WhiteElo "2227"]
[BlackElo "2644"]
[WhiteTeam "RUS"]
[BlackTeam "USA"]
[WhiteClock "0:00:00"]
[BlackClock "0:01:14"]

1. d4 g6 2. h4 h6 3. h5 g5 4. e4 Bg7 5. f4 gxf4 6. Bxf4 d6 7. Nc3 Nc6 8. Nf3 Bg4 9. Be3 e5 10. d5 Nd4 11. Be2 Bxf3 12. gxf3 Bf6 13. Bxd4 exd4 14. Nb5 c5 15. Qd3 a6 16. Na3 b5 17. O-O-O c4 18. Qd2 c3 19. Qd3 Rc8 20. Nxb5 axb5 21. Qxb5+ Kf8 22. b3 Rb8 23. Qc6 Ne7 24. Qc4 Qa5 25. a4 Rb4 26. Qa6 Bg5+ 27. Kb1 Rxa4 28. Qxa5 Rxa5 29. b4 Ra4 30. b5 Rb4+ 31. Ka2 Kg7 0-1

[Event "January 2 Early 2024"]
[Site "https://www.chess.com"]
[Date "2024.01.02"]
[Round "9"]
[White "Palczert, Matyas"]
[Black "Sanchez Alvares, Kelvin Antonio"]
[Result "1-0"]
[Board "111"]
[TimeControl "180+1"]
[WhiteFideId "784958"]
[BlackFideId "3906680"]
[WhiteElo "2592"]
[BlackElo "2461"]
[WhiteTeam "HUN"]
[BlackTeam "VEN"]
[WhiteClock "0:01:13"]
[BlackClock "0:00:00"]

1. d4 Nf6 2. Nc3 c5 3. d5 e5 4. e4 d6 5. Nf3 a6 6. a4 Bg4 7. h3 Bxf3 8. Qxf3 g6 9. g4 Bg7 10. h4 h5 11. g5 Nfd7 12. Bh3 O-O 13. Ne2 c4 14. Ng3 Nc5 15. Be3 Qa5+ 16. Kf1 c3 17. b3 Nbd7 18. Nxh5 gxh5 19. Qxh5 f5 20. Bxf5 Rxf5 21. exf5 Ne4 22. f6 Qxd5 23. Qg6 Nexf6 24. gxf6 Nxf6 25. Rg1 Ne8 26. h5 Qf7 27. h6 Qxg6 28. Rxg6 Kf7 29. hxg7 1-0

[Event "January 2 Early 2024"]
[Site "https://www.chess.com"]
[Date "2024.01.02"]
[Round "9"]
[White "Carre, Sylvain"]
[Black "Avramidou, Anastasia"]
[Result "0-1"]
[Board "112"]
[TimeControl "180+1"]
[WhiteFideId "642118"]
[BlackFideId "4239873"]
[WhiteElo "2422"]
[BlackElo "2581"]
[WhiteTeam "FRA"]
[BlackTeam "GRE"]
[WhiteClock "0:00:40"]
[BlackClock "0:01:26"]

1. d4 g6 2. Bf4 Bg7 3. e3 d6 4. Nf3 Nf6 5. Be2 O-O 6. O-O b6 7. h3 Bb7 8. c4 Nbd7 9. Nc3 Re8 10. Bh2 e5 11. b4 exd4 12. exd4 Ne4 13. Nxe4 Bxe4 14. Re1 Qf6 15. Rc1 Rad8 16. Qa4 Bxf3 17. Bxf3 Rxe1+ 18. Rxe1 Qxd4 19. c5 Be5 20. Qxa7 Bxh2+ 21. Kxh2 Ne5 22. Qxc7 Nxf3+ 23. gxf3 Qxf2+ 0-1

[Event "January 2 Early 2024"]
[Site "https://www.chess.com"]
[Date "2024.01.02"]
[Round "9"]
[White "Mayaud, Raphael"]
[Black "Smirnov, Mark"]
[Result "1-0"]
[Board "113"]
[TimeControl "180+1"]
[WhiteFideId "627151"]
[BlackFideId "13764594"]
[WhiteElo "2412"]
[BlackElo "2539"]
[WhiteTeam "FRA"]
[BlackTeam "KAZ"]
[WhiteClock "0:00:14"]
[BlackClock "0:00:05"]

1. d4 Nf6 2. Bg5 e6 3. e4 h6 4. Bxf6 Qxf6 5. c3 d6 6. Bd3 g6 7. Ne2 Bg7 8. O-O e5 9. f4 exf4 10. Nxf4 Qd8 11. Nd2 O-O 12. Qf3 Nc6 13. Qg3 Qg5 14. Qxg5 hxg5 15. Nd5 a6 16. Nxc7 Ra7 17. Nd5 b5 18. a3 f5 19. exf5 gxf5 20. Rae1 Raf7 21. Bc2 Kh8 22. Nf3 Bh6 23. Bb3 Na5 24. Ba2 Nc4 25. Bxc4 bxc4 26. Nd2 Bb7 27. Nb4 d5 28. Nf3 g4 29. Ne5 Rg7 30. Nc2 f4 31. Kh1 Rfg8 32. Re2 a5 33. Ne1 Bc8 34. Ref2 Bf5 35. Nc6 Be4 36. Ne5 g3 37. hxg3 Rxg3 38. Nf7+ Kh7 39. Nxh6 Kxh6 40. Rxf4 Bxg2+ 41. Nxg2 Rxg2 42. Rh4+ Kg5 43. Kxg2 Kxh4+ 44. Kh2 Rb8 45. Rf2 Kg4 46. Kg2 Re8 47. Rd2 Re3 48. Rf2 Rg3+ 49. Kf1 Rd3 50. Ke2 Rh3 51. Rg2+ Kf4 52. Kd2 Ke4 53. Re2+ Kf4 54. Re5 Rh2+ 55. Kc1 Rh1+ 56. Kc2 Rh2+ 57. Kb1 a4 58. Rxd5 Ke4 59. Rc5 Kd3 60. d5 Rh1+ 61. Ka2 Kc2 62. Rb5 Rd1 63. Rb4 Rd2 64. Rxc4 Kc1 65. Rb4 Rxd5 66. Rxa4 Kc2 67. Rb4 Rd1 68. a4 Rd5 69. Ka3 Rd8 70. a5 Rd5 71. Ka4 Rd6 72. Kb5 Rd5+ 73. Kb6 Rd6+ 74. Kc5 Rd8 75. a6 Rc8+ 76. Kb6 Rb8+ 77. Kc7 Rh8 78. a7 Rh7+ 79. Kb6 Rh8 80. Kb7 Rh7+ 81. Ka6 Rh6+ 82. Rb6 Rh8 83. c4 Kd3 84. c5 Kc4 85. c6 Kc5 86. c7 Rc8 87. Kb7 Rh8 88. c8=Q+ Rxc8 89. Kxc8 Kd4 90. a8=Q Kd3 91. Qc6 Kd2 92. Rb5 Ke3 93. Rb7 Kd4 94. Rd7+ Ke5 95. Qc7+ Ke6 96. Qd8 Kf5 97. Re7 Kf6 98. Qf8+ Kg6 99. Rg7+ Kh6 100. Qh8# 1-0

[Event "January 2 Early 2024"]
[Site "https://www.chess.com"]
[Date "2024.01.02"]
[Round "9"]
[White "Rangel, Daniel"]
[Black "Topalov, Aleksandar"]
[Result "1-0"]
[Board "114"]
[TimeControl "180+1"]
[WhiteFideId "2124475"]
[BlackFideId "925659"]
[WhiteElo "2525"]
[BlackElo "2408"]
[WhiteTeam "BRA"]
[BlackTeam "SRB"]
[WhiteClock "0:00:04"]
[BlackClock "0:00:02"]

1. c4 Nf6 2. g3 g6 3. Bg2 Bg7 4. Nc3 O-O 5. e4 d6 6. Nge2 c5 7. O-O Nc6 8. d3 a6 9. h3 Rb8 10. Be3 b5 11. Qd2 bxc4 12. dxc4 Ne8 13. b3 Nc7 14. Nf4 e5 15. Nfd5 Nxd5 16. Nxd5 Nd4 17. f4 exf4 18. gxf4 Be6 19. Rae1 Bxd5 20. cxd5 f5 21. Kh2 a5 22. Bxd4 Bxd4 23. e5 a4 24. e6 Qf6 25. Qd3 axb3 26. axb3 Ra8 27. Re2 Qh4 28. Qg3 Qf6 29. Rfe1 Ra3 30. e7 Re8 31. Re6 Qf7 32. Rxd6 Rxe7 33. Rde6 Rd7 34. d6 Bf6 35. Bd5 Kg7 36. Qf3 Qf8 37. R1e2 Rxd6 38. Rxd6 Qxd6 39. Re6 Qd7 40. Rxf6 Kxf6 41. Qc3+ Ke7 42. Qe5+ Kd8 43. Be6 Qd2+ 44. Kg3 Qd3+ 45. Kh4 Qd4 46. Qb8+ Ke7 47. Qc7+ Kxe6 48. Kg5 Qd7 49. Qe5+ Kf7 50. Qh8 Qe7+ 51. Kh6 Ke6 52. Qg8+ Qf7 53. Qc8+ Kd6 54. Qb8+ Kd5 55. Qb7+ Kd4 56. Qxf7 Kc3 57. Qc4+ Kb2 58. Qxc5 Rxb3 59. Qe5+ Kc2 60. Kxh7 Rg3 61. Kg7 Kd3 62. Kf6 Rxh3 63. Kxg6 Re3 64. Kxf5 1-0

[Event "January 2 Early 2024"]
[Site "https://www.chess.com"]
[Date "2024.01.02"]
[Round "9"]
[White "Leisch, Lukas"]
[Black "Travkina, Anastasia"]
[Result "0-1"]
[Board "115"]
[TimeControl "180+1"]
[WhiteFideId "1632094"]
[BlackFideId "24129151"]
[WhiteElo "2522"]
[BlackElo "2399"]
[WhiteTeam "AUT"]
[BlackTeam "RUS"]
[WhiteClock "0:00:00"]
[BlackClock "0:00:19"]

1. d4 Nf6 2. Nc3 d5 3. Bf4 c6 4. e3 Bf5 5. Bd3 Bg6 6. h4 e6 7. h5 Bxd3 8. cxd3 h6 9. Nf3 Bd6 10. Ne5 Bc7 11. Qb3 Qc8 12. O-O-O Nbd7 13. Kb1 a5 14. Na4 b5 15. Nc5 Nxc5 16. dxc5 O-O 17. Nxc6 Re8 18. Bxc7 Qxc7 19. Qxb5 a4 20. Rc1 d4 21. Nxd4 Reb8 22. Qc6 Qa5 23. Rc2 Nd5 24. Nxe6 Nc3+ 25. Ka1 fxe6 26. Qxe6+ Kh8 27. bxc3 Qxc5 28. Qc4 Qa3 29. Qd4 Ra7 30. c4 Rab7 31. Qc3 Qc5 32. Rcc1 a3 33. d4 Qf5 34. Qxa3 Qxf2 35. Qc3 Rb2 0-1

[Event "January 2 Early 2024"]
[Site "https://www.chess.com"]
[Date "2024.01.02"]
[Round "9"]
[White "Lira, Suan Bruno Fernandes"]
[Black "Baches Garcia, Guillermo"]
[Result "0-1"]
[Board "116"]
[TimeControl "180+1"]
[WhiteFideId "22794620"]
[BlackFideId "2209764"]
[WhiteElo "2361"]
[BlackElo "2509"]
[WhiteTeam "BRA"]
[BlackTeam "ESP"]
[WhiteClock "0:00:00"]
[BlackClock "0:00:56"]

1. d4 d5 2. c4 e6 3. Nc3 a6 4. cxd5 exd5 5. Nf3 Nf6 6. Bg5 Be6 7. e3 Nbd7 8. Bd3 Bd6 9. O-O c6 10. Bf4 Qc7 11. Qd2 h6 12. h3 g5 13. Bxd6 Qxd6 14. e4 dxe4 15. Nxe4 Nxe4 16. Bxe4 O-O-O 17. b4 Nf6 18. Bd3 g4 19. hxg4 Nxg4 20. Qe2 Rhg8 21. Rac1 Bd5 22. g3 Rde8 23. Qd1 Qf6 24. Ne5 Nxe5 25. dxe5 Rxe5 26. a4 Qh4 0-1

[Event "January 2 Early 2024"]
[Site "https://www.chess.com"]
[Date "2024.01.02"]
[Round "9"]
[White "Lehtosaari, Mauri"]
[Black "Kleibel, Uwe"]
[Result "1-0"]
[Board "117"]
[TimeControl "180+1"]
[WhiteFideId "501999"]
[BlackFideId "1270982"]
[WhiteElo "2506"]
[BlackElo "2360"]
[WhiteTeam "FIN"]
[BlackTeam "GER"]
[WhiteClock "0:00:06"]
[BlackClock "0:00:05"]

1. e4 e5 2. Nf3 Nc6 3. Bb5 a6 4. Ba4 Nf6 5. d3 b5 6. Bb3 Bc5 7. c3 d6 8. h3 Bb6 9. O-O h6 10. Re1 g5 11. Be3 g4 12. hxg4 Bxg4 13. Bxb6 cxb6 14. Nbd2 Rg8 15. Nf1 Ne7 16. Ng3 Ng6 17. Qd2 Bxf3 18. gxf3 Nh4 19. Qxh6 Nxf3+ 20. Kf1 Nxe1 21. Kxe1 Rg6 22. Qh4 Ng4 23. Qh8+ Kd7 24. Qh7 Qg8 25. Qxg8 Rgxg8 26. Ke2 Raf8 27. Rh1 Rh8 28. Rf1 Rh2 29. Kf3 Nh6 30. Rg1 f5 31. Ke2 f4 32. Nf1 Rh3 33. Rg7+ Kd8 34. Be6 Rh4 35. Rd7+ Ke8 36. Ra7 Rf6 37. Bd7+ Kd8 38. Bc6 a5 39. Rb7 Kc8 40. Rxb6 Kc7 41. Ra6 b4 42. Bd5 bxc3 43. bxc3 Ng4 44. Rxa5 Rh2 45. Nxh2 Nxh2 46. d4 f3+ 47. Kd2 Ng4 48. Ra7+ Kb6 49. Rb7+ Ka6 50. dxe5 dxe5 51. Re7 Rh6 52. Re6+ Rxe6 53. Bxe6 Nxf2 54. Ke3 Nd1+ 55. Kxf3 Nxc3 56. Bd5 Kb6 57. Kg4 Kc5 58. Bb3 Nxe4 59. Kf5 Kd4 60. a4 Nc5 61. Bd1 e4 62. a5 e3 63. Be2 Kc3 64. a6 Nd7 65. Ke6 Nb6 66. Kd6 Kd2 67. Bf1 e2 68. Bxe2 Kxe2 69. Kc6 Na8 70. Kb7 Kd3 71. Kxa8 1-0

[Event "January 2 Early 2024"]
[Site "https://www.chess.com"]
[Date "2024.01.02"]
[Round "9"]
[White "Ladan, Nicholas"]
[Black "knightmareprodigy"]
[Result "0-1"]
[Board "118"]
[TimeControl "180+1"]
[WhiteFideId "30918855"]
[WhiteElo "2497"]
[BlackElo "2315"]
[WhiteTeam "USA"]
[WhiteClock "0:00:05"]
[BlackClock "0:00:23"]

1. Nc3 d5 2. e3 c5 3. d4 Nc6 4. dxc5 e6 5. Na4 Nf6 6. c3 Ne4 7. b4 Qf6 8. Nf3 a5 9. Bb2 Qg6 10. b5 Ne7 11. Qd4 Nf5 12. Qe5 Nxc5 13. Nxc5 Bd6 14. Nh4 Qg5 15. Nf3 Qe7 16. Qxf5 exf5 17. Nd3 O-O 18. Be2 Bd7 19. a4 f4 20. exf4 Rfe8 21. Nd4 Rac8 22. Kd2 Qf6 23. g3 h6 24. h4 Bf5 25. Nxf5 Qxf5 26. Bf3 Rc4 27. Rhd1 Rec8 28. Re1 d4 29. Be4 dxc3+ 30. Ke3 Qxe4# 0-1

[Event "January 2 Early 2024"]
[Site "https://www.chess.com"]
[Date "2024.01.02"]
[Round "9"]
[White "Korpics, Zsolt"]
[Black "SkinnyPuppy8"]
[Result "1-0"]
[Board "119"]
[TimeControl "180+1"]
[WhiteFideId "705241"]
[WhiteElo "2497"]
[BlackElo "2304"]
[WhiteTeam "HUN"]
[WhiteClock "0:00:33"]
[BlackClock "0:00:00"]

1. e4 d5 2. exd5 Nf6 3. d4 Bg4 4. f3 Bf5 5. c4 e6 6. g4 Bg6 7. Nc3 exd5 8. g5 Nfd7 9. Nxd5 c6 10. Nc3 Bb4 11. Qb3 Na6 12. Bd2 O-O 13. O-O-O c5 14. d5 Re8 15. h4 Ne5 16. f4 Nd3+ 17. Bxd3 Bxd3 18. Nf3 Qa5 19. Ne5 Bf5 20. a3 Bxc3 21. Bxc3 Qc7 22. d6 Qc8 23. d7 Bxd7 24. Nxd7 Re7 25. Ne5 Qf5 26. Rhf1 Nc7 27. Qc2 Qh3 28. f5 Ree8 29. Rd7 Rad8 30. Rfd1 Rxd7 31. Rxd7 f6 32. gxf6 gxf6 33. Qf2 1-0

[Event "January 2 Early 2024"]
[Site "https://www.chess.com"]
[Date "2024.01.02"]
[Round "9"]
[White "Estrada Nieto, Julian"]
[Black "Szente Varga, Fruzsina"]
[Result "1-0"]
[Board "120"]
[TimeControl "180+1"]
[WhiteFideId "5101018"]
[BlackFideId "712264"]
[WhiteElo "2493"]
[BlackElo "2299"]
[WhiteTeam "ESP"]
[BlackTeam "HUN"]
[WhiteClock "0:00:10"]
[BlackClock "0:00:04"]

1. e4 e5 2. Nf3 Nc6 3. Bb5 a6 4. Ba4 Nf6 5. O-O Bc5 6. d3 b5 7. Bb3 O-O 8. a4 b4 9. Be3 d6 10. Nbd2 Bg4 11. c3 Rb8 12. a5 Rb5 13. Bc4 Rxa5 14. Bxa6 Bxe3 15. fxe3 bxc3 16. bxc3 Qa8 17. Bc4 Rb8 18. d4 Bxf3 19. gxf3 Rb2 20. Bd5 Nxd5 21. exd5 Ne7 22. Rxa5 Qxa5 23. Nc4 Qxc3 24. Nxb2 Qxb2 25. Qc1 Qb6 26. Qc4 exd4 27. exd4 g6 28. Rc1 Nf5 29. Qxc7 Qxd4+ 30. Kg2 Ne3+ 31. Kg3 Qe5+ 32. Kf2 Qd4 33. Qc8+ Kg7 34. Ke2 Nxd5 35. Qc4 Qe3+ 36. Kd1 Qxf3+ 37. Kd2 Qf2+ 38. Qe2 Qd4+ 39. Ke1 Qh4+ 40. Kf1 Nf6 41. Qb2 Qf4+ 42. Kg1 h5 43. Rf1 Qg5+ 44. Kh1 d5 45. Qd4 h4 46. h3 Kh6 47. Qxf6 Qe3 48. Qf4+ Qxf4 49. Rxf4 f5 50. Rxh4+ Kg5 51. Rd4 f4 52. Rxd5+ Kh4 53. Kg2 g5 54. Rd8 g4 55. Rh8+ Kg5 56. Rg8+ Kf5 57. Rxg4 1-0

[Event "January 2 Early 2024"]
[Site "https://www.chess.com"]
[Date "2024.01.02"]
[Round "9"]
[White "Spitzl, Vinzent"]
[Black "Fernandez Hernandez, Gerardo"]
[Result "0-1"]
[Board "121"]
[TimeControl "180+1"]
[WhiteFideId "12901253"]
[BlackFideId "2207400"]
[WhiteElo "2490"]
[BlackElo "2280"]
[WhiteTeam "GER"]
[BlackTeam "ESP"]
[WhiteClock "0:00:00"]
[BlackClock "0:00:08"]

1. e4 e6 2. d4 d5 3. Nd2 Nc6 4. Ngf3 Nf6 5. e5 Nd7 6. c3 f6 7. exf6 Qxf6 8. Bd3 Bd6 9. O-O O-O 10. Qc2 g6 11. Re1 e5 12. dxe5 Ndxe5 13. Bb5 Bg4 14. Be2 Rad8 15. h3 Bf5 16. Qb3 Kh8 17. Nf1 Na5 18. Qd1 Nac4 19. Nxe5 Nxe5 20. Be3 b6 21. f4 Nc4 22. Bd4 Be5 23. fxe5 Qe6 24. Bf3 c5 25. Bf2 Nxb2 26. Qe2 Nd3 27. Red1 Nxe5 28. Re1 Nxf3+ 29. Qxf3 Qd7 30. Qg3 Be4 31. Nd2 Bf5 32. Nf3 Be4 33. Nd2 Bf5 34. Re5 d4 35. cxd4 cxd4 36. Rae1 Rf7 37. Nf3 d3 38. Ng5 Rg7 39. Qe3 d2 40. Re8+ Rg8 41. Qd4+ Qxd4 0-1

[Event "January 2 Early 2024"]
[Site "https://www.chess.com"]
[Date "2024.01.02"]
[Round "9"]
[White "th3d4rkness"]
[Black "Namitbir Singh Walia"]
[Result "0-1"]
[Board "122"]
[TimeControl "180+1"]
[BlackFideId "35071068"]
[WhiteElo "2159"]
[BlackElo "2466"]
[BlackTeam "IND"]
[WhiteClock "0:00:07"]
[BlackClock "0:00:18"]

1. d4 d5 2. c4 c6 3. Nf3 Nf6 4. cxd5 cxd5 5. Nc3 Nc6 6. Ne5 Bf5 7. e3 a6 8. Bd3 Bxd3 9. Nxd3 e6 10. O-O Bd6 11. f4 O-O 12. a3 b5 13. Ne5 Qb6 14. Kh1 Rfc8 15. Bd2 Qb7 16. Be1 b4 17. Na4 bxa3 18. bxa3 Rab8 19. Bh4 Qb3 20. Bxf6 Qxd1 21. Rfxd1 gxf6 22. Nd7 Rb3 23. Nxf6+ Kg7 24. Ng4 h5 25. Ne5 Nxe5 26. fxe5 Bxa3 27. Nb6 Rcc3 28. Nd7 Rxe3 29. h3 Rbd3 30. Nf6 Bb2 31. Rab1 Bxd4 32. Nxh5+ Kh6 33. Nf4 Rxd1+ 34. Rxd1 Bxe5 35. Nd3 Bg3 0-1